 Dungeon Sprint DCSS version 0.16-a0-3943-gb4b81e6 (webtiles) character file.

2860 BluebellGnoll the Unseen (level 9, -9/39 HPs)
             Began as a Spriggan Enchanter on Feb 8, 2015.
             Was a Priest of Vehumet.
             Shot with an arrow by a deep elf master archer (34 damage)
             ... in the Dungeon (Sprint II: "The Violet Keep of Menkaure").
             The game lasted 00:07:51 (1489 turns).

BluebellGnoll the Unseen (Spriggan Enchanter)       Turns: 1489, Time: 00:07:51

Health: -9/39      AC:  3    Str:  4      XL:     9   Next: 47%
Magic:  21/33      EV: 29    Int: 14 (19) God:    Vehumet [***...]
Gold:   1296       SH:  0    Dex: 17      Spells: 6 memorised, 22 levels left

rFire  . . .     SeeInvis +     a - +1 dagger (curse)
rCold  . . .     Clarity  .     b - +1 robe
rNeg   . . .     SustAb   .     (shield restricted)
rPois  .         Gourm    .     (helmet restricted)
rElec  .         Spirit   .     (no cloak)
rCorr  .         Warding  .     (gloves unavailable)
rMut   .         NoTele   +     (boots unavailable)
MR     +....                    (no amulet)
Stlth  ++++++++..               (no ring)
                                (no ring)

@: very quick, somewhat resistant to hostile enchantments, extraordinarily
stealthy
A: unfitting armour, see invisible, herbivore 3, speed 3, slow metabolism 2
a: Renounce Religion


You were in the Dungeon.
You worshipped Vehumet.
Vehumet was most pleased with you.
You were hungry.

You visited 1 branch You collected 1296 gold pieces.

Inventory:

Hand weapons
 a - a cursed +1 dagger (weapon)
Armour
 b - a +1 robe (worn)
Scrolls
 j - a scroll of blinking
 k - a scroll of recharging {unknown}
 l - a scroll of amnesia {unknown}
Potions
 e - a potion of curing
 f - a potion of heal wounds
 g - a potion of haste
 h - a potion of magic
Books
 c - a book of Maledictions

   Spells                             Type                      Level
   a - Corona                         Hexes                        1
   b - Sure Blade                     Hexes/Charms                 2
   c - Ensorcelled Hibernation        Hexes/Ice                    2
   d - Confuse                        Hexes                        3
   e - Dazzling Spray                 Conjuration/Hexes            3
   f - Enslavement                    Hexes                        4
Comestibles
 d - a bread ration


   Skills:
 - Level 7.6 Short Blades
 + Level 13.3 Dodging
 - Level 18.0 Stealth
 - Level 14.5 Spellcasting
 - Level 8.7 Hexes


You had 22 spell levels left.
You knew the following spells:

 Your Spells              Type           Power        Failure   Level  Hunger
a - Corona                Hex            ####...      1%          1    None
b - Ensorcelled Hibernat  Hex/Ice        ###...       1%          2    None
c - Confuse               Hex            ####....     1%          3    None
d - Sure Blade            Hex/Chrm       ###.......   1%          2    None
e - Dazzling Spray        Conj/Hex       ###.....     1%          3    None
f - Enslavement           Hex            ####....     1%          4    ##.....


Dungeon Overview and Level Annotations

Branches:
Dungeon (1/1)

Altars:
Cheibriados
Dithmenos
Elyvilon
Fedhas
Gozag
Kikubaaqudgha
Makhleb
Nemelex Xobeh
Okawaru
Qazlal
Ru
Sif Muna
Trog
Vehumet
Xom
Yredelemnul
Zin
The Shining One
Beogh
Jiyva
Lugonu


Innate Abilities, Weirdness & Mutations

You are tiny and cannot use many weapons and most armour.
You have supernaturally acute eyesight.
You are a herbivore.
You cover ground extremely quickly.
You need consume almost no food.


Message History

Confirm with . or Enter, or press ? or * to list all spells.
Aiming: Confuse
Press: ? - help, Shift-Dir - straight line, f/p - deep elf master archer
Aim: a deep elf master archer, wielding a longbow of flaming and wearing a leather armour (black smoke, chance 6%)
The deep elf master archer resists with almost no effort.
The deep elf master archer shoots an arrow.
The arrow closely misses you.
The deep elf master archer shoots an arrow.
The arrow barely misses you.
Casting: Confuse
Confirm with . or Enter, or press ? or * to list all spells.
Aiming: Dazzling Spray
Press: ? - help, Shift-Dir - straight line, f/p - deep elf master archer
Aim: a deep elf master archer, wielding a longbow of flaming and wearing a leather armour The spray of energy hits the deep elf master archer.
The deep elf master archer is lightly wounded.
The deep elf master archer shoots an arrow.
The arrow hits you!!
Ouch! That really hurt!
You die...

##++## ##≈...### #e§.....#
####@...# #..'...(# ##+##
#..####.# ##.§B##.####†.'.###
#§B##.# ...#..#...####
######†####..#####..##)# ?$
##.###'###†##..#..'..#..#▓$$!
#...##.##.#.#..#..#..#†.#▓?))!
≈+###'.<.'###'..####..##.#▓$)[?!


You could see a deep elf master archer.

Vanquished Creatures
  A yaktaur (D)
  2 spiny frogs (D)
  3 polar bears (D)
  A boulder beetle (D)
  2 redbacks (D)
  2 hippogriffs (D)
  Menkaure (D)
  A wasp (D)
  4 brain worms (D)
  4 worker ants (D)
  A spectral bat (D)
  A spectral quokka (D)
23 creatures vanquished.

Vanquished Creatures (others)
  A boulder beetle (D)
1 creature vanquished.

Grand Total: 24 creatures vanquished

Notes
Turn   | Place    | Note
--------------------------------------------------------------
     0 | D        | BluebellGnoll, the Spriggan Enchanter, began the quest for the Orb.
     0 | D        | Reached XP level 1. HP: 9/9 MP: 4/4
     1 | D        | Noticed a brain worm
    10 | D        | Killed a brain worm
    10 | D        | Reached skill level 12 in Stealth
    10 | D        | Reached XP level 2. HP: 10/13 MP: 7/7
    10 | D        | Reached XP level 3. HP: 12/16 MP: 9/9
    11 | D        | Noticed a brain worm
    15 | D        | Killed a brain worm
    15 | D        | Reached skill level 14 in Stealth
    15 | D        | Reached XP level 4. HP: 15/21 MP: 12/12
    16 | D        | Noticed a brain worm
    16 | D        | Noticed a brain worm
    20 | D        | Killed a brain worm
    20 | D        | Reached skill level 16 in Stealth
    20 | D        | Reached XP level 5. HP: 17/24 MP: 14/14
    24 | D        | Killed a brain worm
    24 | D        | Reached skill level 18 in Stealth
    24 | D        | Reached XP level 6. HP: 7/28 MP: 17/17
    36 | D        | Learned a level 2 spell: Sure Blade
    39 | D        | Learned a level 2 spell: Ensorcelled Hibernation
    43 | D        | Learned a level 3 spell: Confuse
   164 | D        | Noticed a boulder beetle
   164 | D        | Noticed a boulder beetle
   354 | D        | Noticed Menkaure
   372 | D        | Killed Menkaure
   372 | D        | Reached skill level 5 in Hexes
   443 | D        | Killed a boulder beetle
   485 | D        | Noticed a worker ant
   485 | D        | Noticed a worker ant
   485 | D        | Noticed a worker ant
   485 | D        | Noticed a worker ant
   487 | D        | Killed a worker ant
   489 | D        | Killed a worker ant
   489 | D        | Reached XP level 7. HP: 32/32 MP: 19/26
   491 | D        | Noticed an electric eel
   491 | D        | Noticed an electric eel
   492 | D        | Killed a worker ant
   493 | D        | Killed a worker ant
   494 | D        | Noticed an electric eel
   495 | D        | Noticed an electric eel
   495 | D        | Noticed an electric eel
   495 | D        | Noticed an electric eel
   495 | D        | Noticed an electric eel
   513 | D        | Killed a boulder beetle
   513 | D        | Reached skill level 10 in Spellcasting
   520 | D        | Learned a level 3 spell: Dazzling Spray
   525 | D        | Learned a level 4 spell: Enslavement
   605 | D        | Noticed a hippogriff
   605 | D        | Noticed a hippogriff
   608 | D        | Killed a hippogriff
   620 | D        | Killed a hippogriff
   633 | D        | Found a glowing silver altar of Zin.
   633 | D        | Found a burning altar of Makhleb.
   633 | D        | Found a shadowy altar of Dithmenos.
   633 | D        | Found a white marble altar of Elyvilon.
   635 | D        | Found a blossoming altar of Fedhas.
   635 | D        | Found a basalt altar of Yredelemnul.
   635 | D        | Found a deep blue altar of Sif Muna.
   635 | D        | Found a roughly hewn altar of Beogh.
   636 | D        | Found a bloodstained altar of Trog.
   638 | D        | Found an iron altar of Okawaru.
   638 | D        | Found an ancient bone altar of Kikubaaqudgha.
   638 | D        | Found a sparkling altar of Nemelex Xobeh.
   638 | D        | Found a stormy altar of Qazlal.
   638 | D        | Found a glowing golden altar of the Shining One.
   638 | D        | Found an opulent altar of Gozag.
   638 | D        | Found a radiant altar of Vehumet.
   638 | D        | Noticed a wasp
   638 | D        | Noticed a polar bear
   639 | D        | Noticed a crocodile
   639 | D        | Found a viscous altar of Jiyva.
   639 | D        | Found a snail-covered altar of Cheibriados.
   639 | D        | Found a corrupted altar of Lugonu.
   639 | D        | Found a shimmering altar of Xom.
   639 | D        | Found a sacrificial altar of Ru.
   639 | D        | Noticed a yaktaur
   646 | D        | Noticed a crocodile
   649 | D        | Became a worshipper of Vehumet
   663 | D        | Noticed a polar bear
   663 | D        | Noticed a polar bear
   664 | D        | Killed a polar bear
   664 | D        | Reached XP level 8. HP: 25/36 MP: 30/30
   665 | D        | Killed a polar bear
   667 | D        | Killed a polar bear
   667 | D        | Acquired Vehumet's first power
   667 | D        | Offered knowledge of Magic Dart by Vehumet.
   667 | D        | Reached skill level 5 in Short Blades
   668 | D        | Killed a wasp
   670 | D        | Killed a yaktaur
   692 | D        | Noticed a spiny frog
   693 | D        | Noticed a spiny frog
   694 | D        | Killed a spiny frog
   694 | D        | Reached XP level 9. HP: 30/39 MP: 31/33
   696 | D        | Killed a spiny frog
   703 | D        | Noticed a deep elf master archer
   706 | D        | Noticed a redback
   706 | D        | Noticed a redback
   708 | D        | Killed a redback
   708 | D        | Acquired Vehumet's second power
   710 | D        | Killed a redback
  1489 | D        | Shot with an arrow by a deep elf master archer

Action                   |  1- 3 |  4- 6 |  7- 9 || total
-------------------------+-------+-------+-------++-------
Melee: Dagger            |    10 |    23 |    17 ||    50
 Cast: Confuse           |       |     9 |    12 ||    21
       Ensorcelled Hiber |       |     3 |     2 ||     5
       Sure Blade        |       |       |     1 ||     1
       Dazzling Spray    |       |       |     1 ||     1
  Use: Potion            |     1 |     1 |     1 ||     3
 Stab: Confused          |       |     4 |     2 ||     6
       Sleeping          |       |     3 |    14 ||    17
